Economic opener for Zerg, 8 worker start.
| 8 | 0:00 | Drone | |
| 12 | 0:32 | Overlord | |
| 12 | 0:39 | Extractor | |
| 15 | 1:11 | Natural Hatchery | |
| 17 | 1:36 | Spawning Pool | |
| 17 | 1:43 | Extractor | |
| 19 | 2:09 | Overlord | |
| 19 | 2:22 | 1st+2nd Queen x2 | |
| 23 | 2:23 | Zergling x4 | |
| 29 | 2:45 | Ling Speed Metabolic Boost | |
| 29 | 2:51 | Overlord | |
| 32 | 3:13 | 3rd Hatchery | |
| 34 | 3:23 | Overlord | |
| 34 | 3:28 | 3rd Queen |
